Map: Orbital Shipyard

Players

ILLBdA

  • Race: Protoss Protoss
  • League: Diamond

Bisu - Winner!

  • Race: Terran Terran
  • League: Diamond

VOD

Have the link to the VOD?

Description

Time

  • Played on: Dec. 15, 2015, 11:30 p.m.
  • Length: 17:42
Show
View Real Time Build Order
Export as new Build Order

ILLBdA Protoss 

Build Orders: 1 Gate Expand 

Get SALT Encoding   

  12  0:02  Probe (Chrono Boost)  
  13  0:12  Probe (Chrono Boost)  
  14  0:18  Pylon  
  14  0:23  Probe (Chrono Boost)  
  15  0:36  Probe (Chrono Boost)  
  15  0:37  Gateway  
  16  0:47  Probe (Chrono Boost)  
  17  0:57  Probe (Chrono Boost)  
  18  1:08  Probe (Chrono Boost)  
  19  1:14  Nexus  
  19  1:20  Assimilator  
  19  1:23  Probe (Chrono Boost)  
  20  1:31  Cybernetics Core  
  20  1:38  Pylon  
  20  1:40  Probe (Chrono Boost)  
  21  1:51  Probe (Chrono Boost)  
  21  1:52  Assimilator  
  22  2:01  Probe (Chrono Boost)  
  22  2:07  Adept (Chrono Boost)  
  25  2:12  Probe  
  26  2:20  Warp Gate  
  26  2:24  Probe  
  26  2:25  Probe, Forge  
  28  2:35  Probe  
  30  2:37  Probe  
  30  2:40  Stalker (Chrono Boost)  
  32  2:49  Probe  
  34  2:52  Pylon  
  34  2:57  Protoss Ground Armor Level 1 (Chrono Boost)  
  33  3:10  Robotics Facility  
  33  3:12  Probe x2  
  35  3:22  Probe  
  35  3:24  Probe  
  37  3:35  Gateway  
  37  3:36  Probe (Chrono Boost)  
  37  3:37  Gateway  
  38  3:42  Gateway  
  38  3:46  Probe (Chrono Boost)  
  38  3:48  Mothership Core (Chrono Boost)  
  41  3:54  Twilight Council  
  41  3:56  Probe (Chrono Boost)  
  41  3:58  Warp Prism (Chrono Boost)  
  44  4:07  Probe  
  45  4:10  Pylon  
  45  4:23  Adept  
  47  4:29  Probe  
  48  4:32  Dark Shrine  
  48  4:35  Probe, Assimilator  
  48  4:36  Assimilator  
  49  4:42  Probe  
  49  4:44  Photon Cannon x2  
  50  4:45  Protoss Ground Armor Level 2  
  50  4:46  Probe  
  51  4:57  Adept  
  51  4:58  Adept, Zealot x2  
  59  5:00  Probe  
  58  5:27  Probe  
  57  5:31  Probe  
  57  5:35  Immortal (Chrono Boost)  
  54  5:45  Pylon  
  54  5:49  Stalker x2  
  57  5:53  Probe  
  58  6:03  Pylon  
  58  6:13  Immortal (Chrono Boost)  
  62  6:20  Dark Templar  
  62  6:21  Dark Templar x2  
  68  6:25  Nexus  
  68  6:30  Probe  
  68  6:32  Blink (Chrono Boost)  
  69  6:49  Immortal  
  69  6:53  Probe  
  72  6:55  Photon Cannon  
  72  6:59  Stalker x3  
  78  7:09  Protoss Ground Weapons Level 1 (Chrono Boost)  
  78  7:16  Pylon  
  78  7:19  Pylon  
  78  7:32  Probe  
  78  7:34  Probe, Observer  
  78  7:36  Stalker x2  
  85  7:37  Stalker x2, Probe  
  85  7:41  Assimilator  
  85  7:43  Probe  
  90  7:46  Probe, Assimilator  
  90  7:48  Probe  
  93  7:53  Probe  
  93  7:56  Immortal (Chrono Boost)  
  99  7:58  Probe x2  
  98  8:07  Dark Templar  
  99  8:16  Stalker x2  
  99  8:17  Stalker  
  103  8:23  Probe  
  103  8:24  Probe x2  
  106  8:33  Pylon  
  106  8:34  Probe x2  
  106  8:36  Probe  
  109  8:47  Pylon  
  109  8:49  Pylon  
  109  8:50  Probe x2, Pylon  
  109  8:51  Probe  
  109  8:54  Protoss Ground Armor Level 3 (Chrono Boost)  
  112  8:58  Stalker x2  
  112  9:00  Probe  
  117  9:02  Photon Cannon  
  117  9:03  Probe  
  117  9:05  Probe  
  117  9:08  Dark Templar  
  121  9:13  Pylon  
  104  9:25  Stalker x3  
  105  9:37  Probe  
  105  9:38  Probe  
  101  9:39  Probe  
  101  9:41  Stalker  
  106  9:48  Probe  
  106  9:49  Probe  
  106  9:51  Probe  
  109  9:58  Stalker x3  
  109  9:59  Probe  
  115  10:01  Probe  
  115  10:03  Probe  
  115  10:04  Warp Prism  
  120  10:09  Probe  
  120  10:13  Dark Templar, Probe  
  124  10:15  Probe  
  125  10:23  Gateway x2  
  125  10:26  Dark Templar x2  
  129  10:28  Stalker  
  131  10:40  Observer  
  131  10:42  Probe  
  133  10:45  Photon Cannon  
  133  10:46  Photon Cannon  
  133  10:47  Probe  
  134  10:53  Stalker x2  
  138  10:59  Dark Templar  
  140  11:09  Pylon  
  140  11:11  Pylon  
  140  11:29  Stalker x3  
  140  11:32  Probe  
  147  11:40  Stalker x2  
  147  11:41  Stalker  
  153  11:53  Immortal  
  157  11:56  Pylon  
  157  11:58  Pylon  
  157  12:15  Mothership Core  
  159  12:24  Stalker x2  
  159  12:25  Stalker x3  
  159  12:26  Stalker, Nexus  
  159  12:28  Pylon  
  170  12:56  Probe  
  170  12:58  Pylon  
  167  12:59  Pylon  
  167  13:02  Pylon  
  163  13:06  Robotics Bay  
  163  13:09  Gateway  
  163  13:10  Gateway  
  163  13:11  Probe, Immortal  
  168  13:13  Gateway  
  168  13:14  Photon Cannon  
  168  13:20  Dark Templar x2  
  168  13:21  Dark Templar x4  
  168  13:24  Archon  
  168  13:25  Archon x2  
  168  13:26  Nexus  
  180  13:27  Pylon  
  180  13:33  Pylon  
  180  13:37  Photon Cannon  
  180  13:39  Photon Cannon  
  180  13:41  Photon Cannon  
  174  13:43  Pylon  
  174  13:45  Probe  
  171  13:53  Disruptor  
  171  13:54  Dark Templar  
  171  13:55  Dark Templar x5  
  186  13:58  Archon  
  186  13:59  Archon x2  
  186  14:05  Assimilator  
  186  14:06  Probe  
  186  14:09  Pylon  
  187  14:12  Protoss Ground Weapons Level 2 (Chrono Boost)  
  187  14:26  Gateway x2  
  187  14:29  Observer, Pylon  
  188  14:32  Assimilator  
  188  14:35  Probe  
  189  14:40  Robotics Facility  
  189  14:42  Robotics Facility  
  189  14:55  Gateway x2  
  189  14:57  Gateway  
  189  14:58  Probe  
  189  14:59  Probe  
  191  15:00  Pylon  
  191  15:02  Probe  
  192  15:08  Photon Cannon  
  192  15:11  Photon Cannon  
  192  15:23  Templar Archives  
  192  15:33  Gateway  
  192  15:34  Gateway  
  192  15:35  Gateway  
  192  15:36  Pylon  
  192  15:49  Disruptor x2  
  195  15:53  Dark Templar  
  198  16:19  Disruptor  
  185  16:26  Stalker x3  
  175  16:33  Immortal  
  153  16:44  Stalker x2  
  106  16:49  Stalker x3  
  97  17:02  Stalker x4  
  97  17:03  Stalker  
  107  17:10  Stalker x2  
  94  17:17  Stalker  
  94  17:22  Archon  
  80  17:27  Dark Templar x2  
  71  17:40  High Templar x4  
Show
View Real Time Build Order
Export as new Build Order

Bisu Terran - Winner!

Build Orders: Reaper Expand, MMM Bio 

Get SALT Encoding   

  12  0:02  SCV  
  13  0:14  SCV  
  13  0:18  Supply Depot  
  14  0:26  SCV  
  15  0:40  SCV  
  15  0:41  Barracks  
  16  0:47  Refinery  
  16  0:52  SCV  
  17  1:04  SCV  
  18  1:16  SCV  
  19  1:30  Reaper  
  19  1:32  Orbital Command  
  20  1:44  Command Center  
  20  1:58  SCV  
  21  2:02  Barracks Reactor  
  21  2:08  Supply Depot  
  21  2:11  SCV  
  21  2:13  Refinery  
  22  2:23  SCV  
  23  2:34  Factory  
  23  2:35  SCV  
  24  2:38  Marine x2  
  26  2:45  Bunker  
  26  2:47  SCV  
  27  2:56  Marine x2  
  27  2:57  Orbital Command  
  29  3:05  SCV  
  30  3:17  SCV, Marine x2  
  33  3:20  Factory Tech Lab  
  33  3:23  Starport  
  33  3:26  SCV  
  34  3:29  SCV  
  35  3:35  Marine x2  
  35  3:38  SCV  
  35  3:39  Cyclone  
  41  3:45  SCV  
  42  3:51  Engineering Bay  
  42  3:54  Supply Depot  
  42  3:59  SCV  
  42  4:01  Supply Depot  
  42  4:02  SCV  
  44  4:06  Medivac  
  46  4:15  SCV  
  47  4:27  Terran Infantry Weapons Level 1, SCV  
  47  4:30  Stimpack, Marine  
  47  4:31  Barracks  
  49  4:36  Missile Turret  
  49  4:37  Missile Turret  
  49  4:38  SCV  
  49  4:41  Widow Mine  
  49  4:43  Widow Mine  
  54  4:48  Marauder  
  54  4:52  SCV  
  57  4:54  SCV  
  57  4:57  Supply Depot  
  58  5:04  Supply Depot, SCV  
  58  5:05  Medivac  
  58  5:06  SCV  
  62  5:18  Widow Mine x2  
  62  5:20  Barracks Reactor  
  66  5:21  Barracks  
  62  5:30  SCV x2  
  62  5:42  SCV x2, Refinery, Marauder  
  66  5:43  Refinery  
  66  5:46  Widow Mine  
  66  5:48  Starport Reactor  
  68  5:55  SCV  
  68  5:57  Barracks x2  
  63  6:11  SCV  
  63  6:16  SCV  
  65  6:18  Barracks Tech Lab, Marine x2  
  65  6:19  Widow Mine  
  65  6:20  Widow Mine  
  65  6:25  Terran Infantry Armor Level 1, SCV, Supply Depot  
  72  6:27  Command Center  
  72  6:31  SCV  
  73  6:49  SCV  
  73  6:50  Barracks Tech Lab  
  73  6:51  Barracks Tech Lab  
  73  6:52  Starport  
  68  6:54  Medivac x2  
  68  6:55  Supply Depot, Marine x2  
  68  6:56  Marauder  
  68  6:57  Marauder  
  78  7:09  Missile Turret  
  78  7:12  SCV  
  78  7:14  Missile Turret  
  79  7:16  SCV, Missile Turret  
  79  7:19  Supply Depot  
  79  7:20  Supply Depot  
  80  7:26  Medivac x2  
  84  7:38  Marine x4  
  84  7:39  Marauder x2  
  84  7:40  Starport Tech Lab  
  92  7:49  Combat Shields  
  92  7:50  Concussive Shells  
  92  7:55  Orbital Command  
  92  7:56  SCV x2  
  92  7:57  Marauder  
  96  7:59  Marine x3  
  96  8:02  Raven  
  101  8:08  SCV  
  93  8:22  Marine x3  
  93  8:23  Marauder x2  
  93  8:24  Marauder  
  93  8:25  Medivac x2  
  93  8:27  Missile Turret  
  105  8:28  SCV x2  
  107  8:37  Liberator  
  107  8:40  Marine x2  
  107  8:41  Marauder  
  111  8:42  SCV  
  111  8:45  SCV, Refinery  
  113  8:49  SCV  
  113  8:53  Fusion Core  
  113  8:54  SCV  
  118  9:02  Marine x3  
  119  9:03  Marauder x2  
  119  9:08  Supply Depot  
  125  9:13  Supply Depot  
  125  9:14  Supply Depot, Marauder  
  124  9:21  Liberator x2, Marauder  
  119  9:25  Marauder  
  115  9:31  Marine x3  
  115  9:36  Marauder  
  107  9:40  SCV  
  107  9:42  Marauder  
  107  9:44  Refinery  
  114  9:46  Marauder  
  114  9:49  Marine  
  114  9:50  Marauder  
  119  9:53  SCV  
  119  9:55  SCV  
  119  9:56  Barracks  
  119  9:57  Marauder  
  119  9:58  Advanced Ballistics  
  123  10:04  Marauder  
  125  10:07  Marauder  
  125  10:08  Barracks x2  
  125  10:11  SCV  
  125  10:12  Marine x3  
  131  10:18  Marauder  
  131  10:19  Supply Depot, Liberator  
  131  10:20  Supply Depot  
  133  10:24  Marine  
  134  10:29  Marauder  
  134  10:33  Marine x2, Marauder  
  134  10:34  Supply Depot, Medivac  
  134  10:35  Medivac  
  144  10:40  Marauder  
  144  10:41  Missile Turret  
  144  10:42  Marine  
  150  10:47  Liberator  
  150  10:50  Marine x2  
  150  10:51  Armory  
  150  10:54  SCV x2  
  154  11:00  Engineering Bay  
  154  11:04  Barracks Reactor, Barracks Tech Lab  
  154  11:05  Medivac  
  154  11:11  Missile Turret  
  159  11:12  Barracks Tech Lab  
  159  11:19  Medivac  
  159  11:22  Supply Depot  
  159  11:24  Supply Depot, Marauder  
  163  11:27  Liberator  
  163  11:31  Marauder x3, Marine x2  
  171  11:38  Supply Depot  
  174  12:03  Liberator x2  
  174  12:09  Marauder x2  
  174  12:10  Marauder x2  
  182  12:16  Liberator  
  182  12:18  Marauder x2, Marine x3  
  182  12:19  Marine  
  182  12:21  Missile Turret  
  196  12:30  Marine  
  196  12:31  Marauder  
  196  12:32  Marauder  
  196  12:33  Marauder  
  196  12:36  Marine x2  
  183  12:42  Marauder x2, Marine x2  
  183  12:45  Liberator  
  183  12:46  Liberator  
  183  12:48  Marine  
  175  12:52  Marine  
  176  13:10  Terran Infantry Weapons Level 2  
  176  13:11  Ghost Academy, Terran Infantry Armor Level 2  
  176  13:12  Marauder x3, Marine x3  
  185  13:22  Medivac  
  187  13:29  Marine x3  
  187  13:30  Marauder  
  187  13:31  Widow Mine x2  
  188  13:41  Orbital Command  
  184  13:45  Ghost x2, Medivac  
  184  13:48  Marine  
  183  13:52  Ghost  
  183  13:53  Marauder, Marine  
  188  14:21  Medivac x3  
  194  14:27  Refinery  
  194  14:29  Command Center  
  194  14:40  Marauder, Marine  
  194  14:45  Refinery  
  197  14:46  Missile Turret  
  197  14:48  Missile Turret  
  197  14:49  Missile Turret  
  197  15:09  Command Center  
  197  15:11  Barracks  
  197  15:15  Missile Turret  
  197  15:24  Terran Ship Weapons Level 1  
  197  15:30  Sensor Tower  
  197  15:40  Medivac, Marine  
  199  15:49  Marine  
  200  15:51  Command Center  
  200  16:17  Command Center  
  200  16:22  Command Center  
  200  16:23  Medivac, Marauder  
  188  16:34  Marine x3  
  188  16:35  Marauder  
  122  17:08  Marauder, Marine x3  
  122  17:09  Marine x4, Marauder x2  
  122  17:13  Marauder  
  134  17:28  Refinery x2  
Tags
 
Add a new tag
Caveats
  • Supply blocks, unpowered buildings, or Contaminate may cause inaccurate times.
  • Supply counts are checked every 10 seconds.